Map: White Rabbit LE

Players

Jason

  • Race: Terran Terran
  • League: Grandmaster
  • Spawn Location: 1:00

SpeCial - Winner!

  • Race: Protoss Protoss
  • League: Grandmaster
  • Spawn Location: 7:00

VOD

Have the link to the VOD?

Description

Time

  • Played on: Dec. 10, 2025, 12:46 p.m.
  • Length: 8:06
Show
View Real Time Build Order
Export as new Build Order

Jason Terran 

Build Orders:  

Get SALT Encoding   

  12  0:00  SCV  
  13  0:12  SCV  
  14  0:17  Supply Depot  
  14  0:24  SCV  
  15  0:39  SCV, Barracks  
  16  0:45  Refinery  
  16  0:51  SCV  
  16  0:53  Refinery  
  17  1:03  SCV  
  18  1:06  Supply Depot  
  18  1:15  SCV  
  19  1:27  Reaper  
  19  1:29  Orbital Command  
  20  1:43  Factory  
  20  1:56  SCV  
  20  2:00  Barracks Reactor  
  21  2:08  SCV  
  22  2:21  Command Center, SCV  
  23  2:33  SCV  
  23  2:34  Supply Depot  
  24  2:40  Starport  
  24  2:43  Factory Tech Lab  
  24  2:46  Marine x2  
  24  2:49  SCV  
  27  3:01  SCV  
  27  3:02  Cyclone  
  31  3:11  Marine x2  
  32  3:13  SCV  
  33  3:25  SCV  
  33  3:26  Medivac  
  36  3:30  Marine x2  
  38  3:36  Siege Tank  
  38  3:37  SCV  
  42  3:48  Orbital Command  
  42  3:49  SCV  
  42  3:54  Marine x2  
  45  4:01  Bunker, SCV  
  46  4:05  Starport Tech Lab  
  46  4:08  Barracks  
  46  4:13  SCV, Siege Tank  
  46  4:15  SCV  
  51  4:21  Supply Depot  
  51  4:25  SCV  
  51  4:28  SCV  
  53  4:33  Marine  
  53  4:43  Marine  
  53  4:44  SCV  
  50  4:51  SCV  
  54  4:52  Engineering Bay, Refinery  
  54  4:53  Barracks  
  54  4:56  SCV  
  54  4:59  Marine  
  53  5:01  Supply Depot  
  53  5:02  Factory Reactor  
  53  5:03  Marauder, Starport Reactor, Stimpack, SCV  
  56  5:08  SCV  
  56  5:09  Marine  
  56  5:13  Refinery  
  58  5:15  Supply Depot, SCV  
  58  5:20  SCV  
  60  5:23  Marine  
  60  5:26  Supply Depot  
  60  5:27  SCV  
  60  5:28  Marauder  
  64  5:31  Supply Depot  
  64  5:34  Marine  
  66  5:35  SCV  
  66  5:39  Widow Mine  
  66  5:40  Widow Mine  
  70  5:43  SCV  
  70  5:46  Combat Shield  
  70  5:47  SCV  
  70  5:48  Marauder  
  74  5:51  Marauder  
  74  5:53  Marine  
  74  5:54  Marine  
  78  6:05  Medivac x2  
  78  6:10  SCV x2  
  84  6:13  Marine x2  
  84  6:14  Marauder  
  84  6:15  Marine  
  84  6:17  Engineering Bay  
  93  6:18  Widow Mine x2  
  93  6:25  Supply Depot, SCV  
  94  6:26  Supply Depot  
  94  6:30  SCV  
  94  6:31  Marine  
  96  6:33  Marauder  
  96  6:35  Medivac x2  
  102  6:43  Concussive Shells  
  102  6:46  Marine x2  
  104  6:57  Marine  
  104  6:58  Marauder, Widow Mine x2  
  110  7:02  Supply Depot  
  110  7:04  Marauder, Marine  
  110  7:05  Supply Depot  
  113  7:11  Command Center  
  113  7:16  Marine  
  113  7:19  Marine  
  106  7:26  Marauder  
  83  7:30  Marine  
  83  7:31  Medivac x2  
  83  7:34  Marine  
  80  7:37  Marauder  
  80  7:39  Widow Mine x2  
  80  7:41  SCV  
  80  7:42  SCV  
  85  7:47  Marine  
  85  7:48  Barracks  
  85  7:50  Barracks  
  87  7:54  SCV x2  
Show
View Real Time Build Order
Export as new Build Order

SpeCial Protoss - Winner!

Build Orders: 1 Gate Expand, Phoenix Opening, Blink Stalkers 

Get SALT Encoding   

  12  0:00  Probe  
  13  0:12  Probe  
  14  0:17  Pylon  
  14  0:23  Probe  
  15  0:32  Probe  
  15  0:36  Gateway  
  15  0:40  Probe  
  16  0:45  Assimilator  
  17  0:51  Probe  
  18  1:03  Probe  
  19  1:15  Probe  
  20  1:21  Nexus  
  20  1:31  Cybernetics Core  
  20  1:33  Probe  
  20  1:39  Pylon  
  21  1:43  Assimilator  
  21  1:48  Probe  
  22  1:56  Stalker  
  22  2:00  Probe  
  25  2:09  Warp Gate  
  25  2:12  Probe  
  26  2:18  Shield Battery  
  26  2:22  Probe  
  26  2:26  Sentry  
  26  2:29  Probe  
  29  2:30  Probe  
  31  2:37  Probe  
  31  2:38  Probe  
  31  2:44  Twilight Council  
  33  2:47  Probe  
  33  2:50  Probe  
  33  2:51  Stalker  
  37  2:59  Probe  
  37  3:00  Phoenix  
  37  3:02  Blink  
  37  3:03  Probe  
  39  3:11  Probe  
  40  3:15  Probe  
  41  3:23  Probe  
  41  3:25  Pylon  
  42  3:27  Probe  
  43  3:34  Nexus  
  43  3:35  Probe  
  43  3:39  Phoenix, Probe  
  45  3:43  Gateway  
  45  3:48  Probe  
  46  3:51  Probe  
  47  3:59  Gateway  
  47  4:00  Probe  
  47  4:01  Gateway  
  48  4:05  Pylon  
  48  4:09  Stalker  
  50  4:10  Probe  
  50  4:12  Probe  
  52  4:18  Shield Battery  
  52  4:22  Probe  
  54  4:24  Probe  
  54  4:34  Probe  
  53  4:44  Stalker x2  
  52  4:48  Probe x2  
  52  4:49  Probe  
  55  4:56  Forge  
  55  4:57  Gateway  
  55  4:58  Gateway  
  55  5:00  Gateway, Probe x2  
  55  5:01  Probe  
  55  5:05  Gateway  
  55  5:06  Protoss Ground Weapons Level 1, Charge  
  58  5:11  Pylon  
  58  5:12  Probe x2  
  58  5:13  Stalker x2, Probe  
  65  5:20  Phoenix  
  63  5:23  Stalker x2  
  63  5:25  Probe x3  
  70  5:31  Pylon  
  70  5:35  Pylon  
  70  5:37  Probe x2  
  70  5:41  Gateway x2  
  72  5:49  Nexus  
  72  5:52  Pylon  
  72  6:05  Zealot x5  
  72  6:06  Zealot x2  
  86  6:17  Probe x3  
  89  6:28  Zealot x4  
  89  6:29  Zealot x4, Probe  
  89  6:31  Probe x2  
  108  6:39  Pylon  
  108  6:41  Probe  
  109  6:49  Pylon  
  109  6:50  Pylon  
  109  6:57  Stalker x2  
  109  6:58  Zealot x2  
  117  7:02  Zealot x5  
  125  7:16  Probe x2  
  121  7:26  Pylon  
  121  7:29  Zealot x2  
  105  7:30  Zealot x7  
  105  7:33  Probe x2  
  105  7:34  Probe x2  
  123  7:40  Forge  
  123  7:45  Gateway  
  123  7:57  Forge  
  121  8:00  Zealot x4  
  121  8:01  Zealot x5  
Tags
 
Add a new tag
Caveats
  • Supply blocks, unpowered buildings, or Contaminate may cause inaccurate times.
  • Supply counts are checked every 10 seconds.